 Dungeon Crawl Stone Soup version 0.30-a0-381-g6ea064c7b4 (webtiles) character file.

Game seed: 775897809758934578

8 qeuew the Cudgeller (level 2, -3/22 HPs)
             Began as a Demonspawn Gladiator on Dec 1, 2022.
             Slain by a goblin
             ... wielding a +0 dagger
             ... led by Robin
              (4 damage)
             ... on level 2 of the Dungeon.
             The game lasted 00:00:42 (660 turns).

qeuew the Cudgeller (Demonspawn Gladiator)           Turns: 660, Time: 00:00:42

Health: -3/22      AC:  4    Str: 14    XL:     2   Next: 0%
Magic:  2/2        EV: 12    Int:  9    God:
Gold:   56         SH:  0    Dex: 14    Spells: 1/1 levels left

rFire   . . .      SeeInvis .    a - +0 flail
rCold   . . .      Faith    .    (no shield)
rNeg    . . .      Spirit   .    b - +0 leather armour
rPois   .          Reflect  .    c - +0 helmet
rElec   .          Harm     .    (no cloak)
rCorr   +          Rampage  .    (no gloves)
Will    .....                    (no boots)
Stlth   +.........               (no amulet)
HPRegen 0.23/turn                g - ring of resist corrosion
MPRegen 0.08/turn                (no ring)

@: no status effects
A: demonic guardian 1
a: no special abilities


You were on level 2 of the Dungeon.
You visited 1 branch of the dungeon, and saw 2 of its levels.

You collected 56 gold pieces.

Inventory:

Hand Weapons
 a - a +0 flail (weapon)
Missiles
 d - 3 throwing nets (quivered)
 e - a javelin
Armour
 b - a +0 leather armour (worn)
 c - a +0 helmet (worn)
Jewellery
 g - a ring of resist corrosion (left hand)
Scrolls
 h - 2 scrolls of teleportation {unknown}


   Skills:
 + Level 2.1 Fighting
 + Level 2.8 Maces & Flails
 + Level 1.9 Throwing
 + Level 0.3 Armour
 + Level 2.8 Dodging


You had one spell level left.
You didn't know any spells.
Your spell library contained the following spells:

 Spells                   Type           Power      Damage    Failure   Level
 Ozocubu's Armour         Ice            0%         N/A       83%         3
 Ozocubu's Refrigeration  Ice            0%         4d7       100%        7


Dungeon Overview and Level Annotations

Branches:
Dungeon (2/15)

Altars:

Annotations:
D:2 Robin


Innate Abilities, Weirdness & Mutations

A weak demonic guardian rushes to your aid.


Message History

You have reached level 2!
Your demonic ancestry asserts itself...
You feel the presence of a demonic guardian.
Unknown command.
Robin hits you from afar with a +0 spear.
The goblin hits you with a +0 dagger. Robin barely misses you.
You closely miss Robin. Robin closely misses you.
The goblin hits you with a +0 dagger.
You hit Robin but do no damage. Robin closely misses you.
The goblin hits you with a +0 dagger. Robin closely misses you.
The goblin completely misses you.
Unknown command.
You barely miss Robin. Robin hits you with a +0 spear. The goblin misses you.
You thump Robin!
Robin is heavily wounded.
Robin barely misses you. The goblin closely misses you.
You barely miss Robin.
Robin is heavily wounded.
Robin roars a battlecry!
The goblins go into a battle-frenzy!
The goblin closely misses you. The goblin hits you with a +0 dagger.
Robin hits you with a +0 spear.
You hit Robin.
Robin is severely wounded.
Robin drinks a potion.
Robin is healed!
The goblin hits you but does no damage.
You barely miss Robin. Robin hits you but does no damage.
The goblin hits you with a +0 dagger.
* * * LOW HITPOINT WARNING * * *
You sock Robin!
Robin is severely wounded.
Robin hits you with a +0 spear.
* * * LOW HITPOINT WARNING * * *
A demonic guardian appears!
The goblin hits you but does no damage.
You aren't carrying any potions.
You barely miss Robin.
Robin is severely wounded.
Robin closely misses you. The goblin misses you.
The goblin hits you with a +0 dagger.
You die...

#########
......(..
##......###
..........######.#
........)Jg@ggggg#
#.....<#5######.#
#......###
...?...#. .#.##.#
.# # #+ .# .# .#
.#


You could see Robin, an endoplasm (ally target), 2 hobgoblins, 3 goblins and a
friendly iron imp (summoned).

Vanquished Creatures
  A bat (D:1)
  A hobgoblin (D:2)
  3 ball pythons (D:1)
  A goblin (D:2)
  3 rats (D:1)
9 creatures vanquished.

Notes
Turn   | Place    | Note
-------+----------+-------------------------------------------
     0 | D:1      | qeuew the Demonspawn Gladiator began the quest for the Orb.
     0 | D:1      | Reached XP level 1. HP: 16/16 MP: 1/1
   644 | D:2      | Noticed Robin
   650 | D:2      | Gained mutation: A weak demonic guardian rushes to your
                  | aid. [demonic ancestry]
   650 | D:2      | Reached XP level 2. HP: 19/22 MP: 2/2
   659 | D:2      | HP: 1/22 [Robin/+0 spear (5)]
   660 | D:2      | Slain by a goblin

Illustrated notes

Levels and vault maps discovered:
D:1:      minmay_arrival_open_corners, layout_loops_ring,
          chequers_serial_rivers_small_b, st_stairs_8, minmay_misc_feat_hallway,
          minivault_19
D:2:      layout_basic, nicolae_ecumenical_snake_handling, uniq_jessica,
          uniq_robin, uniq_sigmund

Action                   || total
-------------------------++-------
Melee: Flail             ||    27
  Use: Scroll            ||     1
 Stab: Sleeping          ||     1
Armor: Leather armour    ||     8
Dodge: Dodged            ||    18

Table legend: (Time is in decaauts)
 A = Elapsed time spent in this place.
 B = Non-inter-level travel time spent in this place.
 C = Inter-level travel time spent in this place.
 D = Time resting spent in this place.
 E = Time spent auto-exploring this place.
 F = Levels seen in this place.
 G = Mean time per level.
                   A        B        C        D        E       F      G
               +--------+--------+--------+--------+--------+-----+--------+
         Total |    667 |    618 |     49 |      0 |    549 |   2 |  333.5 |
       Dungeon |    667 |    618 |     49 |      0 |    549 |   2 |  333.5 |
               +--------+--------+--------+--------+--------+-----+--------+

Top non-repeatable levels by time:
     D:1: 649 daAuts
     D:2: 18 daAuts
